 Dungeon Crawl Stone Soup version 0.28-a0-57-g271197699b (webtiles) character file.

Game seed: 10201882503057306885

1 Eduil the Digger (level 1, 0/10 HPs)
             Began as a Deep Elf Earth Elementalist on July 30, 2021.
             Slain by a hobgoblin (3 damage)
             ... on level 1 of the Dungeon.
             The game lasted 00:00:23 (56 turns).

Eduil the Digger (Deep Elf Earth Elementalist)        Turns: 56, Time: 00:00:24

Health: 0/10       AC:  2    Str:  5    XL:     1   Next: 16%
Magic:  3/6        EV: 12    Int: 19    God:
Gold:   12         SH:  0    Dex: 15    Spells: 5/6 levels left

rFire   . . .      SeeInvis .   (no weapon)
rCold   . . .      Faith    .   (no shield)
rNeg    . . .      Spirit   .   b - +0 robe
rPois   .          Reflect  .   (no helmet)
rElec   .          Harm     .   (no cloak)
rCorr   .          Rampage  .   (no gloves)
Will    .....                   (no boots)
Stlth   ++........              (no amulet)
HPRegen 0.03/turn               (no ring)
MPRegen 0.10/turn               (no ring)

@: no status effects
A: no striking features
a: no special abilities


You were on level 1 of the Dungeon.
You visited 1 branch of the dungeon, and saw 1 of its levels.

You collected 12 gold pieces.

Inventory:

Missiles
 c - 27 stones
Armour
 b - a +0 robe (worn)
Scrolls
 a - a scroll of immolation {unknown}


   Skills:
 + Level 2.4 Dodging
 + Level 2.6 Stealth
 + Level 3.0 Spellcasting
 + Level 1.1 Transmutations
 + Level 3.2 Earth Magic


You had 5 spell levels left.
You knew the following spells:

 Your Spells              Type           Power      Damage    Failure   Level
a - Sandblast             Erth           30%        2d9       4%          1

Your spell library contained the following spells:

 Spells                   Type           Power      Damage    Failure   Level
 Passwall                 Tmut/Erth      9%         N/A       10%         2
 Stone Arrow              Conj/Erth      18%        3d8       24%         3
 Petrify                  Tmut/Erth      11%        N/A       52%         4


Dungeon Overview and Level Annotations

Branches:
Dungeon (1/15)

Altars:


Message History

a - a scroll labelled LAMITO CIAG A ball python comes into view.
A ball python comes into view.
A bat and 2 hobgoblins come into view.
The ball python hisses angrily. x2; The hobgoblin shouts!
The hobgoblin shouts!
Found a stone staircase leading down.
You closely miss the ball python. The ball python bites you.
The ball python closely misses you.
Casting: Sandblast (safe; 4% risk of failure)
Confirm with . or Enter, or press ? or * to list all spells.
Aiming: Sandblast (safe; 4% risk of failure)
Press: ? - help, Shift-Dir - straight line, f - ball python
Aim: a ball python (77% to hit)
The blast of sand hits the ball python!
You kill the ball python!
The bat hits you. The ball python barely misses you. The ball python grabs you.
The ball python constricts you.
Casting: Sandblast (safe; 4% risk of failure)
Confirm with . or Enter, or press ? or * to list all spells.
Aiming: Sandblast (safe; 4% risk of failure)
Press: ? - help, Shift-Dir - straight line, f - hobgoblin
Aim: a hobgoblin (79% to hit)
The blast of sand hits the hobgoblin.
The hobgoblin is almost dead.
The bat hits you but does no damage. The ball python closely misses you.
The ball python constricts you.
A frilled lizard comes into view.
The hobgoblin hits you.
* * * LOW HITPOINT WARNING * * *
Casting: Sandblast (safe; 4% risk of failure)
Confirm with . or Enter, or press ? or * to list all spells.
Aiming: Sandblast (safe; 4% risk of failure)
Press: ? - help, Shift-Dir - straight line, f - ball python, p - hobgoblin
Aim: a ball python (constricting you, 77% to hit)
The blast of sand hits the ball python!
You kill the ball python!
The frilled lizard hisses angrily.
The bat barely misses you. x2; The hobgoblin hits you.
You die...

#. #. #.# #.
#.# ..#.# #.#.#
#.#.# ###
###...#####.#
###....bg.....#
......g@#####.#
l.....†.#
#.####
.........
#....#######
.......#.#
#.##........
###.... ..
#.##..######
...... .>#
#.#.........
#.##.## #.#
#.##...⌠.⌠.⌠ #.
#. .#
#.###.......
#.# ##..⌠.⌠.


You could see 2 hobgoblins, a bat and a frilled lizard.

Vanquished Creatures
  2 ball pythons (D:1)
2 creatures vanquished.

Notes
Turn   | Place    | Note
-------+----------+-------------------------------------------
     0 | D:1      | Eduil the Deep Elf Earth Elementalist began the quest for
                  | the Orb.
     0 | D:1      | Reached XP level 1. HP: 10/10 MP: 6/6
    56 | D:1      | Slain by a hobgoblin

Illustrated notes

Levels and vault maps discovered:
D:1:      eino_arrival_cavern_a, layout_basic, serial_glass, glass_columns_c,
          glass_columns_a

Action                   || total
-------------------------++-------
Melee: Unarmed           ||     1
 Cast: Sandblast         ||     3
Armor: Robe              ||     1
Dodge: Dodged            ||     5

Table legend: (Time is in decaauts)
 A = Elapsed time spent in this place.
 B = Non-inter-level travel time spent in this place.
 C = Inter-level travel time spent in this place.
 D = Time resting spent in this place.
 E = Time spent auto-exploring this place.
 F = Levels seen in this place.
 G = Mean time per level.
                   A        B        C        D        E       F      G
               +--------+--------+--------+--------+--------+-----+--------+
         Total |     56 |      9 |     47 |      0 |      0 |   1 |   56.0 |
       Dungeon |     56 |      9 |     47 |      0 |      0 |   1 |   56.0 |
               +--------+--------+--------+--------+--------+-----+--------+

Top non-repeatable levels by time:
     D:1: 56 daAuts
